 Dungeon Crawl Stone Soup version 0.28-a0-577-gb193047a1f (webtiles) character file.

Game seed: 1909970324989748488

170 fiend the Digger (level 5, -1/38 HPs)
             Began as a Ghoul Earth Elementalist on Oct 1, 2021.
             Slain by an iguana (13 damage)
             ... on level 4 of the Dungeon.
             The game lasted 00:07:59 (3823 turns).

fiend the Digger (Ghoul Earth Elementalist)         Turns: 3823, Time: 00:08:00

Health: -1/38      AC:  2    Str: 12    XL:     5   Next: 51%
Magic:  0/7        EV: 12    Int: 11    God:
Gold:   94         SH:  0    Dex:  9    Spells: 4/8 levels left

rFire   . . .      SeeInvis .   d - +2 short sword (flame)
rCold   + . .      Faith    .   (no shield)
rNeg    + + +      Spirit   .   b - +0 robe
rPois   ∞          Reflect  .   (no helmet)
rElec   .          Harm     .   (no cloak)
rCorr   .          Rampage  .   (no gloves)
Will    .....                   (no boots)
Stlth   ++........              (no amulet)
HPRegen 0.00/turn               (no ring)
MPRegen 0.10/turn               (no ring)

@: very slightly contaminated, inhibited regen
A: claws 1, cold resistance 1, negative energy resistance 3, inhibited
regeneration, torment resistance 2
a: no special abilities


You were on level 4 of the Dungeon.
You visited 1 branch of the dungeon, and saw 4 of its levels.

You collected 94 gold pieces.

Inventory:

Hand Weapons
 d - a +2 short sword of flaming (weapon)
Missiles
 c - 134 stones
 m - 3 poisoned darts
Armour
 b - a +0 robe (worn)
Magical Staves
 h - a staff of air
Scrolls
 g - 2 scrolls of amnesia
Potions
 a - 2 potions of cancellation
 e - a potion of mutation {unknown}
 f - 2 potions of attraction {unknown}
 j - a potion of berserk rage {unknown}
 k - a potion of magic {unknown}
 l - a potion of haste {unknown}
 n - 2 potions of heal wounds {unknown}


   Skills:
 - Level 1.7 Dodging
 - Level 2.1 Stealth
 - Level 2.0 Spellcasting
 + Level 1.6 Conjurations
 - Level 0.8 Transmutations
 - Level 6.0 Earth Magic


You had 4 spell levels left.
You knew the following spells:

 Your Spells              Type           Power      Damage    Failure   Level
a - Sandblast             Erth           28%        2d8       2%          1
x - Stone Arrow           Conj/Erth      18%        3d8       19%         3

Your spell library contained the following spells:

 Spells                   Type           Power      Damage    Failure   Level
 Passwall                 Tmut/Erth      6%         N/A       11%         2
 Shock                    Conj/Air       8%         1d3       22%         1
 Blink                    Tloc           N/A        N/A       41%         2
 Petrify                  Tmut/Erth      8%         N/A       56%         4
 Lesser Beckoning         Tloc           1%         N/A       65%         3
 Swiftness                Air            1%         N/A       65%         3
 Airstrike                Air            0%         N/A       96%         4
 Manifold Assault         Tloc           1%         N/A       100%        5


Dungeon Overview and Level Annotations

Branches:
Dungeon (4/15)
 Temple: D:4-7

Altars:
Kikubaaqudgha

Shops:
D:1 ?

Annotations:
D:2 Sigmund
D:4 Pikel


Innate Abilities, Weirdness & Mutations

You thrive by killing the living.
You are immune to poison.
You have sharp fingernails.
Your flesh is cold resistant. (rC+)
You are immune to negative energy. (rN+++)
You do not regenerate when monsters are visible.
You are immune to unholy pain and torment.


Message History

You take 4 damage, and have 21/38 hp.
You now have 5/7 mp.
Aim: an iguana (moderately wounded, 82% to hit)
The blast of sand hits the iguana.
The adder bites you. The iguana closely misses you.
You take 1 damage, and have 20/38 hp.
You now have 4/7 mp.
Aim: an iguana (severely wounded, 82% to hit)
The blast of sand hits the iguana but does no damage.
The adder bites you but does no damage. The adder bites you.
The iguana misses you.
You take 2 damage, and have 18/38 hp.
You now have 3/7 mp.
Aim: an adder (66% to hit)
The blast of sand hits the adder!
You kill the adder!
The iguana bites you.
You take 6 damage, and have 12/38 hp.
You now have 2/7 mp.
You see here an adder corpse.
You hear the rusting of a distant drain.
The iguana hisses menacingly.
The endoplasm quivers.
A lemure comes into view.
Aim: an iguana (severely wounded, 69% to hit)
You miscast Stone Arrow.
You are very lightly contaminated with residual magic.
Nothing appears to happen.
The lemure shouts!
The iguana barely misses you.
A lemure comes into view.
You now have 2/7 mp.
As you read the scroll labelled AXUASK AMAB, it crumbles to dust.
You assume a fearsome visage.
The lemure looks frightened! x3
The iguana resists with some effort.
The endoplasm looks frightened!
It was a scroll of fear.
The iguana barely misses you.
Aim: an iguana (severely wounded, 82% to hit)
The blast of sand hits the iguana but does no damage.
The iguana barely misses you.
You now have 1/7 mp.
Aim: an iguana (severely wounded, 82% to hit)
The blast of sand hits the iguana but does no damage.
The iguana bites you!
You die...

# #..# #.#
#..# #.#
#..####.###
#..##.....#
...##.###5###
#.# #. #.J.#
. #.#.# ##
.J.#l#
###.#@# #.#.#
.###.#.###
#......5..#
#########.#
#.# #.#
########.#
...5.....#


You could see a lemure (fleeing), an iguana and an endoplasm (fleeing).

Vanquished Creatures
  2 hounds (D:4)
  3 adders
  2 worms
  A dart slug (D:4)
  7 orcs
  10 bats
  6 endoplasms
  4 giant cockroaches
  3 goblins
  6 hobgoblins
  6 kobolds
  3 quokkas
  6 ball pythons
  2 frilled lizards (D:1)
  8 rats
69 creatures vanquished.

Notes
Turn   | Place    | Note
-------+----------+-------------------------------------------
     0 | D:1      | fiend the Ghoul Earth Elementalist began the quest for the
                  | Orb.
     0 | D:1      | Reached XP level 1. HP: 14/14 MP: 2/2
   360 | D:1      | Reached XP level 2. HP: 12/20 MP: 4/4
   485 | D:1      | Found Vadwytse's Magic Scroll Shoppe.
   751 | D:1      | Reached skill level 4 in Earth Magic
  1303 | D:1      | Reached XP level 3. HP: 15/26 MP: 2/5
  1567 | D:2      | Found a faded altar of an unknown god.
  1585 | D:2      | Noticed Sigmund
  1927 | D:2      | Learned a level 3 spell: Stone Arrow
  2652 | D:3      | Reached skill level 5 in Earth Magic
  2652 | D:3      | Reached XP level 4. HP: 26/33 MP: 2/6
  2945 | D:3      | Reached skill level 1 in Conjurations
  3408 | D:3      | Found an ancient bone altar of Kikubaaqudgha.
  3653 | D:4      | Reached XP level 5. HP: 31/38 MP: 2/7
  3749 | D:4      | Reached skill level 6 in Earth Magic
  3753 | D:4      | Noticed a lemure
  3754 | D:4      | Noticed Pikel
  3819 | D:4      | Noticed a lemure
  3820 | D:4      | Noticed a lemure
  3823 | D:4      | Slain by an iguana

Illustrated notes

Levels and vault maps discovered:
D:1:      minmay_arrival_widening_spiral_wide, layout_basic, serial_shops, shop,
          supply_closet_lemuel
D:2:      layout_loops_ring, chequers_ecumenical_altar_simple, uniq_sigmund
D:3:      layout_loops_ring, mainiacjoe_overflow_alcove_2
D:4:      layout_loops_ring, minmay_temple_entry_overgrown,
          portal_sewer_entry_e, uniq_menkaure, uniq_pikel, uniq_ijyb

Skill      XL: |  1  2  3  4  5 |
---------------+----------------+-----
Spellcasting   | 2 |  2.0
Earth Magic    | 4 5 6 |  6.0
Conjurations   | 1 |  1.6
Dodging        | |  1.7
Stealth        | |  2.1
Transmutations | |  0.8

Action                   |  1- 3 |  4- 6 || total
-------------------------+-------+-------++-------
Melee: Unarmed           |    19 |       ||    19
       Short sword       |    88 |    45 ||   133
 Cast: Sandblast         |    10 |    13 ||    23
       Stone Arrow       |     1 |     9 ||    10
  Use: Scroll            |     3 |     1 ||     4
 Stab: Sleeping          |     6 |       ||     6
Armor: Robe              |    43 |     6 ||    49
Dodge: Dodged            |   100 |    39 ||   139

Table legend: (Time is in decaauts)
 A = Elapsed time spent in this place.
 B = Non-inter-level travel time spent in this place.
 C = Inter-level travel time spent in this place.
 D = Time resting spent in this place.
 E = Time spent auto-exploring this place.
 F = Levels seen in this place.
 G = Mean time per level.
                   A        B        C        D        E       F      G
               +--------+--------+--------+--------+--------+-----+--------+
         Total |   3837 |   3669 |    168 |    995 |   1817 |   4 |  959.2 |
       Dungeon |   3837 |   3669 |    168 |    995 |   1817 |   4 |  959.2 |
               +--------+--------+--------+--------+--------+-----+--------+

Top non-repeatable levels by time:
     D:1: 1511 daAuts
     D:3: 1099 daAuts
     D:2: 902 daAuts
     D:4: 323 daAuts
